 Dungeon Crawl Stone Soup version 0.30-a0-634-g8abc85282e (webtiles) character file.

Game seed: 11448615910714479494

171936 kae the Black Belt (level 17, -1/169 HPs)
             Began as a Demonspawn Transmuter on Jan 14, 2023.
             Was a High Priest of Ru.
             Shot with an arrow by a naga sharpshooter (7 damage)
             ... on level 4 of the Snake Pit.
             The game lasted 00:40:18 (28450 turns).

kae the Black Belt (Demonspawn Transmuter)         Turns: 28450, Time: 00:40:18

Health: -1/169     AC: 35    Str: 12    XL:     17   Next: 40%
Magic:  0/29       EV: 16    Int: 23    God:    Ru [*****.]
Gold:   3163       SH:  0    Dex: 12    Spells: 9/32 levels left

rFire   + + .      SeeInvis .      - Unarmed
rCold   . . .      Faith    .    (no shield)
rNeg    + + +      Spirit   +    (body armour currently unavailable)
rPois   ∞          Reflect  .    (helmet restricted)
rElec   +          Harm     .    (cloak unavailable)
rCorr   +          Rampage  .    (gloves unavailable)
Will    +++..                    (boots currently unavailable) Stlth
                                 Z - amulet "Sintaej" {Spirit rF++ rN+ Will++}
HPRegen 0.48/turn                h - ring "Zujil Zino" {*Slow rN+ rCorr AC+4 Int+4}
MPRegen 0.21/turn                O - +4 ring of protection

@: statue-form, weakened, slowed, studying 2 skills, unable to drink, very slow
A: slow and powerful, torment resistance 1, boosted hp, antennae 2, claws 3,
foul stench 3, spiny 1, inability to drink after injury 2, no stealth, hated by
all, inability to train armour, weakness stinger 3, clumsy 1, weak 1
a: End Transformation, Renounce Religion, Draw Out Power, Power Leap, Apocalypse


You were on level 4 of the Snake Pit.
You worshipped Ru.
Ru was extremely pleased with you.
You were a living statue of rough stone.
You visited 5 branches of the dungeon, and saw 27 of its levels.
You also visited: Bailey and Ice Cave.

You collected 5586 gold pieces.
You spent 2423 gold pieces at shops.


Innate Abilities, Weirdness & Mutations

You are a living statue of rough stone.
Your actions are slow, but your melee attacks are powerful.
You are resistant to unholy torment.
Your maximum health is greatly increased.
You are immune to poison.
Your equipment is partially melded.
You have a pair of antennae on your head.
You have claws for hands.
You frequently emit foul miasma when damaged in melee.
You are partially covered in sharp spines.
You sometimes lose the ability to drink potions when taking damage.
You cannot be stealthy.
You are hated by all.
You cannot train Armour skill.
You have a sharp stinger which inflicts weakening toxins.
You are clumsy. (Dex -2)
You are weak. (Str -2)


   Skills:
 + Level 10.9 Fighting
 + Level 10.2 Dodging
 * Level 17.7 Unarmed Combat
 - Level 8.1 Spellcasting
 + Level 14.0 Transmutations
 - Level 6.0 Ice Magic
 - Level 13.0 Earth Magic


You had 9 spell levels left.
You knew the following spells:

 Your Spells              Type           Power      Damage    Failure   Level
a - Statue Form           Tmut/Erth      42%        N/A       4%          6
b - Wereblood             Tmut           65%        N/A       1%          2
c - Spider Form           Tmut/Pois      41%        N/A       1%          3
d - Ice Form              Ice/Tmut       53%        N/A       1%          4
e - Beastly Appendage     Tmut           100%       N/A       1%          1
f - Dragon Form           Tmut           32%        N/A       19%         7

Your spell library contained the following spells:

 Spells                   Type           Power      Damage    Failure   Level
 Freeze                   Ice            100%       1d10      1%          1
 Frozen Ramparts          Ice            72%        1d11      1%          3
 Blade Hands              Tmut           32%        N/A       1%          5
 Lee's Rapid Deconstruct  Erth           31%        3d16*     1%          5
 Leda's Liquefaction      Hex/Erth       19%        N/A       4%          4
 Hailstorm                Conj/Ice       23%        3d7       6%          3
 Foxfire                  Conj/Fire      36%        2x1d5     7%          1
 Magic Dart               Conj           36%        1d4       7%          1
 Necrotise                Necr           36%        1d5       7%          1
 Slow                     Hex            36%        N/A       7%          1
 Cigotuvi's Dreadful Rot  Necr/Pois/Air  18%        N/A       11%         2
 Poisonous Vapours        Pois/Air       18%        N/A       11%         2
 Scorch                   Fire           18%        2d5       11%         2
 Searing Ray              Conj           18%        2d5       11%         2
 Static Discharge         Conj/Air       18%        2-3/arc   11%         2
 Irradiate                Conj/Tmut      20%        3d18      11%         5
 Confusing Touch          Hex            9%         N/A       21%         3
 Inner Flame              Hex/Fire       9%         N/A       21%         3
 Mephitic Cloud           Conj/Pois/Air  9%         N/A       21%         3
 Portal Projectile        Hex/Tloc       18%        N/A       21%         3
 Vampiric Draining        Necr           9%         2d6       21%         3
 Vhi's Electric Charge    Tloc/Air       18%        N/A       21%         3
 Flame Wave               Conj/Fire      9%         2d6       56%         4
 Fulminant Prism          Conj/Hex       4%         3d5       56%         4
 Sticky Flame             Conj/Fire      9%         2d3       56%         4
 Agony                    Necr           9%         N/A       88%         5
 Arcjolt                  Conj/Air       4%         1d14      88%         5
 Fireball                 Conj/Fire      4%         3d4       88%         5
 Lightning Bolt           Conj/Air       4%         1d16      88%         5
 Starburst                Conj/Fire      4%         6d4       100%        6
 Tukima's Dance           Hex            Unusable   N/A       N/A         3
 Summon Ice Beast         Ice/Summ       Unusable   N/A       N/A         4
 Summon Cactus Giant      Summ           Unusable   N/A       N/A         6

Inventory:

Hand Weapons
 d - a +7 spectral whip
   (You took it off a kobold on level 1 of the Dungeon)
Missiles
 q - 49 stones
 r - 6 poisoned darts
 I - 4 boomerangs
Armour
 Y - a +0 troll leather armour (melded)
   (You found it on level 11 of the Dungeon)
Magical Staves
 a - a staff of death {!a}
   (You took it off a tengu conjurer on level 11 of the Dungeon)
 x - a staff of conjuration {!a}
   (You found it on level 6 of the Dungeon)
 H - a staff of cold {!a}
   (You found it in an ice cave)
 P - a staff of cold {!a}
   (You found it on level 11 of the Dungeon)
Jewellery
 g - an amulet of regeneration
   (You found it on level 5 of the Dungeon)
 h - the ring "Zujil Zino" (left claw) {*Slow rN+ rCorr AC+4 Int+4}
   (You found it on level 2 of the Dungeon)

   [ring of protection]

   AC:        It affects your AC (+4).
   Int:       It affects your intelligence (+4).
   rN:        It protects you from negative energy.
   rCorr:     It protects you from acid and corrosion.
   *Slow:     It may slow you when you take damage.
 C - a ring of ice
   (You found it on level 1 of the Snake Pit)
 F - a ring of fire
   (You found it on level 4 of the Dungeon)
 G - an amulet of guardian spirit
   (You found it on level 3 of the Lair of Beasts)
 L - a ring of flight
   (You found it on level 2 of the Lair of Beasts)
 O - a +4 ring of protection (right claw)
   (You found it on level 4 of the Lair of Beasts)
 R - a ring of resist corrosion
   (You found it on level 8 of the Dungeon)
 S - a +6 ring of strength
   (You took it off a centaur warrior on level 15 of the Dungeon)
 W - a ring of magical power
   (You found it on level 3 of the Dungeon)
 Z - the amulet "Sintaej" (around neck) {Spirit rF++ rN+ Will++}
   (You found it on level 9 of the Dungeon)

   [amulet of guardian spirit]

   It causes incoming damage to be divided between your reserves of health and
   magic.
   rF:        It greatly protects you from fire.
   rN:        It protects you from negative energy.
   Will:      It greatly increases your willpower.
Wands
 m - a wand of quicksilver (5)
   (You found it on level 15 of the Dungeon)
 t - a wand of flame (30)
   (You found it on level 5 of the Dungeon)
 w - a wand of digging (17)
   (You found it on level 7 of the Dungeon)
 M - a wand of mindburst (5)
   (You found it on level 9 of the Dungeon)
 N - a wand of roots (13)
   (You found it on level 10 of the Dungeon)
Scrolls
 e - 8 scrolls of teleportation {@r4}
 j - 2 scrolls of enchant armour
 p - 4 scrolls of brand weapon
 u - 4 scrolls of enchant weapon
 v - 3 scrolls of vulnerability {!r!r}
 D - 2 scrolls of torment {!r}
 J - a scroll of blinking {!r}
 U - 6 scrolls of poison {!r}
 V - a scroll of magic mapping {!r}
Potions
 b - 4 potions of lignification {!q}
 c - 4 potions of haste {@q3}
 f - 2 potions of berserk rage {!q}
 k - 2 potions of flight
 l - a potion of might
 n - 2 potions of invisibility
 o - 12 potions of curing {@q1}
 s - a potion of attraction {!q}
 z - a potion of resistance
 A - 3 potions of mutation {!q}
 B - 4 potions of magic
 E - 2 potions of ambrosia
 Q - 3 potions of heal wounds {@q2}
 T - 3 potions of cancellation
Miscellaneous
 i - a phial of floods
   (You found it on level 5 of the Lair of Beasts)

Dungeon Overview and Level Annotations

Branches:
Dungeon (15/15) Zot: 25372  Temple (1/1) D:4 Zot: 5932    Lair (5/5) D:11 Zot: 23903
 Shoals (0/4) Lair:3        Snake (4/4) Lair:2 Zot: 19541   Slime (0/5) Lair:5
    Orc (2/2) D:10 Zot: 9532     Elf (0/3) Orc:2        Vaults (0/5) D:13
 Depths (0/4) D:15         Bailey (visited)           IceCv (visited)

Altars:
Ashenzari
Cheibriados
Dithmenos
Gozag
Kikubaaqudgha
Makhleb
Nemelex Xobeh
Okawaru
Qazlal
Ru
Sif Muna
Trog
Uskayaw
Vehumet
Wu Jian
Xom

Shops:
D:2 (   D:6 *   D:9 *   D:11 ?   Orc:1 [   Orc:2 [?(((::*[   Snake:2 :((

Portals:
Trove: D:15 (give +6 demon trident)

Annotations:
D:7 3 runed translucent doors, ma3's ghost, novice KoEn

#........##..........
##......###..........
##......####.....?....
##......###............ #.
#....†####.............
....###......##....#.........
..........)<.....###.........
.......)....NN..##......###..
........).NN8N.##............
#........##S#S##...##........
###.....##SN##....###.....##.
###..##....#...#.#......#
####).)..#####.)..#......
#..)....##))....#......
#...#...#.......##.....
#...#...#)).)...# .....
.S..###..#.......# .....


You could see a nagaraja (fast, strong), a naga warrior (poisoned), 2 naga
sharpshooters, a salamander tyrant (strong), a salamander (strong, corona), an
anaconda (very poisoned, slow) and 2 guardian serpents.


Message History

The naga warrior roars a battlecry!
The nagas go into a battle-frenzy!
The nagaraja is engulfed in dark miasma.
The nagaraja seems to slow down.
The nagaraja hits you but does no damage.
You redirect the naga sharpshooter's attack!
The naga sharpshooter unwields a +0 arbalest.
The naga sharpshooter wields a +0 scimitar.
The naga sharpshooter hits you but does no damage.
You redirect the guardian serpent's attack!
The guardian serpent hits you but does no damage.
The anaconda bites you but does no damage.
The guardian serpent coils itself and waves its upper body at you.
The salamander tyrant gazes fiercely through you!
You feel as though you will be weak longer.
The salamander tyrant is struck by your spines.
The salamander tyrant hits you but does no damage.
The naga sharpshooter spits poison at you.
The splash of poison misses you.
The splash of poison hits the naga warrior.
The naga warrior is poisoned.
The salamander closely misses you.
The naga warrior hits you but does no damage.
The nagaraja is engulfed in dark miasma.
The nagaraja hits you from afar with a +0 halberd!!
* * * LOW HITPOINT WARNING * * *
😨 HP[-21] MP[-2]
You take 21 damage, and now have 78/169 hp.
You lost 2 mp, and now have 13/29 mp.
You scratch the guardian serpent.
The nagaraja is no longer moving slowly.
The anaconda bites you!
* * * LOW HITPOINT WARNING * * *
You emit a cloud of foul miasma!
The guardian serpent barely misses you.
The guardian serpent casts a spell at you.
The bolt of poison hits you but does no damage.
You resist.
The bolt of poison hits the guardian serpent.
The anaconda is engulfed in dark miasma.
The anaconda is poisoned.
The anaconda is struck by your spines. The anaconda barely misses you.
The naga sharpshooter is stunned by your conviction and fails to attack.
The naga sharpshooter is struck by your spines.
The naga sharpshooter barely misses you.
The guardian serpent is struck by your spines.
The guardian serpent misses you.
The salamander tyrant hits you but does no damage.
The naga sharpshooter shoots an arrow.
The arrow misses you.
The arrow hits the naga warrior!!
The salamander hits you but does no damage.
The guardian serpent hits you but does no damage.
The naga warrior is struck by your spines.
The naga warrior hits you but does no damage.
The guardian serpent begins to cast a spell, but is stunned by your conviction!
The nagaraja is engulfed in dark miasma.
The nagaraja seems to slow down.
The nagaraja completely misses you.
The anaconda is engulfed in dark miasma.
The anaconda looks even sicker.
The anaconda seems to slow down.
The anaconda is struck by your spines. The anaconda bites you.
* * * LOW HITPOINT WARNING * * *
You redirect the naga sharpshooter's attack!
The naga sharpshooter hits you but does no damage.
The guardian serpent completely misses you.
The salamander tyrant gazes fiercely through you!
You feel as though you will be weak longer.
The salamander tyrant is struck by your spines.
The salamander tyrant hits you!
* * * LOW HITPOINT WARNING * * *
You are engulfed in flames!
You resist.
* * * LOW HITPOINT WARNING * * *
The naga sharpshooter casts a spell.
The naga sharpshooter magically shoots an arrow.
The arrow hits you!
* * * LOW HITPOINT WARNING * * *
The salamander hits you from afar with a +0 spear!
* * * LOW HITPOINT WARNING * * *
You are engulfed in flames.
You resist.
* * * LOW HITPOINT WARNING * * *
You focus your inner power and illuminate the salamander in retribution!
The guardian serpent misses you.
Unknown command.
You mangle the guardian serpent!!
You kill the guardian serpent!
The anaconda is no longer moving slowly.
The nagaraja is no longer moving slowly.
The guardian serpent is struck by your spines.
The guardian serpent barely misses you. The naga warrior closely misses you.
The anaconda is engulfed in dark miasma.
The anaconda looks even sicker.
The anaconda seems to slow down.
The anaconda is struck by your spines. The anaconda bites you.
* * * LOW HITPOINT WARNING * * *
The nagaraja hits you from afar with a +0 halberd!!
* * * LOW HITPOINT WARNING * * *
The naga sharpshooter unwields a +0 scimitar.
The naga sharpshooter wields a +0 arbalest.
The naga sharpshooter shoots a bolt.
The bolt closely misses you.
The bolt hits the anaconda!
The salamander tyrant is struck by your spines.
The salamander tyrant hits you but does no damage.
The naga sharpshooter shoots an arrow.
The arrow hits you!
You die...

Skill      XL: |  1  2  3  4  5  6  7  8  9 10 11 12 13 14 15 16 17 |
---------------+----------------------------------------------------+-----
Transmutations | 2 3 4 5 6 8 9 11 12 13 14 | 14.0
Unarmed Combat | 3 4 5 6 7 8 9 11 13 16 17 | 17.7
Spellcasting   | 3 4 5 6 7 8 |  8.1
Ice Magic      | 1 3 5 6 |  6.0
Earth Magic    | 4 10 11 12 13 | 13.0
Dodging        | 3 6 8 9 10 | 10.2
Fighting       | 3 6 8 10 | 10.9

Action                   |  1- 3 |  4- 6 |  7- 9 | 10-12 | 13-15 | 16-18 || total
-------------------------+-------+-------+-------+-------+-------+-------++-------
Melee: Unarmed           |    29 |    37 |   231 |   488 |   927 |   439 ||  2151
       Kick              |    12 |     7 |       |       |     1 |       ||    20
       Whip              |    49 |    41 |    22 |       |       |       ||   112
       Headbutt          |     2 |       |       |       |       |       ||     2
       Punch             |       |       |     3 |     8 |   103 |    51 ||   165
       Tailslap          |       |       |     7 |    39 |   203 |    96 ||   345
 Cast: Beastly Appendage |    24 |    21 |       |       |     2 |       ||    47
       Spider Form       |     1 |     8 |     5 |       |       |       ||    14
       Wereblood         |       |     1 |     7 |     9 |    16 |     9 ||    42
       Ice Form          |       |       |    24 |    21 |       |       ||    45
       Statue Form       |       |       |       |    19 |   100 |    46 ||   165
Invok: Sacrifice Durabil |       |       |       |     1 |       |       ||     1
       Sacrifice Stealth |       |       |       |       |     1 |       ||     1
       Sacrifice Love    |       |       |       |       |     1 |       ||     1
       Draw Out Power    |       |       |       |       |     3 |     4 ||     7
       Sacrifice Drink   |       |       |       |       |     1 |       ||     1
       Reject Sacrifices |       |       |       |       |       |     1 ||     1
 Abil: End Transformatio |       |       |     1 |     1 |       |       ||     2
Evoke: Wand              |       |       |    11 |     2 |       |     1 ||    14
  Use: Scroll            |     7 |     8 |     5 |     4 |     9 |     2 ||    35
       Potion            |       |     1 |       |     8 |     2 |       ||    11
 Stab: Sleeping          |     1 |       |       |       |       |       ||     1
       Distracted        |       |       |       |     2 |     1 |       ||     3
       Petrified         |       |       |       |       |     4 |       ||     4
       Invisible         |       |       |       |       |     2 |     4 ||     6
Armor: Robe              |    10 |    16 |     9 |     7 |       |       ||    42
       Skin              |       |     9 |   119 |   385 |   733 |   429 ||  1675
       Troll leather arm |       |       |       |       |     7 |     4 ||    11
Dodge: Dodged            |    41 |    51 |   186 |   359 |   856 |   465 ||  1958

Levels and vault maps discovered:
D:1:      dpeg_arrival_rhombi, layout_basic
D:2:      layout_rooms, serial_shops, shop_fountains
D:3:      minmay_inner_zag, layout_basic, ashenzari_conservatory_becter,
          minmay_bisected
D:4:      layout_layer_cave, temple_pool_b, nicolae_elevator_lobby_asterisk
D:5:      old_forge, layout_basic, mainiacjoe_overflow_brackets, nicolae_titane
D:6:      layout_loops_ring, hangedman_abyss_or_decor_stabs,
          nicolae_take_the_stairs, uniq_grinder, uniq_duvessa,
          uniq_crazy_yiuf_cottage
D:7:      layout_loops_corners, kennysheep_mini, minitemple, okawaru_humans,
          ebering_ghost_rock_garden, minmay_gold_behind_fungi, uniq_pikel
D:8:      layout_loops_cross, chequers_mini_garden, uniq_maggie
D:9:      layout_basic, lightli_bailey_entry_fortress, nicolae_shop_gadgets
D:10:     layout_stronghold, grunt_temple_overflow_order_and_chaos_1,
          nemelex_spade_bored_becter, zombieorc2_lemuel
D:11:     hangedman_cross_cluster, layout_cave_pools, serial_column_ruins,
          column_ruins_grid_3, column_ruins_corridor_dead_end,
          column_ruins_open_medium, column_ruins_corridor_dead_end,
          nicolae_nh_oracle_at_delphi
D:12:     layout_long_grid, minivault_16, serial_bayou_pond_c,
          nicolae_ru_the_path_less_chosen
D:13:     layout_rooms, david_vaults_1, grunt_decor_resistance,
          minmay_misc_feat_tower, uniq_azrael, uniq_urug
D:14:     layout_layer_cave, serial_undead, serial_undead_b, serial_undead_d,
          serial_undead_a, serial_undead_d, serial_undead_b, serial_undead_b,
          serial_undead_e, serial_undead_f, nicolae_integral_box,
          lightli_elemental_guards
D:15:     hangedman_depths_entry_civil_slaughter, layout_basic,
          nicolae_hexahallways, enter_trove_5, uniq_josephine
Temple:   minmay_temple_bridge_abc
Lair:1:   layout_long_grid, basic_altar, fungi_pond_lemuel
Lair:2:   layout_gridlike, nicolae_snake_entry_squirm,
          pdpol_lair_neglected_garden, pdpol_lair_cabin_in_the_woods,
          lemuel_fruit_tree
Lair:3:   layout_gridlike, shoals_dummy_entry, st_stairs_4
Lair:4:   layout_hall_layers, kennysheep_rathole
Lair:5:   minmay_lair_end_frog_pond, layout_regular_city, slime_entry_1,
          st_stairs_13
Snake:1:  layout_chambers, gammafunk_ghost_necromancy, grunt_ministairs_10,
          uniq_louise
Snake:2:  nicolae_snake_unarmed_stairs_patrol, layout_onion_interference,
          serial_shops, nicolae_shop_waterfront, nicolae_shop_crystal,
          nicolae_diamond_shop
Snake:3:  layout_rooms
Snake:4:  grunt_snake_rune_serpentine_throne, layout_onion, basic_altar
Orc:1:    layout_diamond_mine, serial_shops, shop, nicolae_orc_rockfall,
          mines5_lemuel, uniq_snorg
Orc:2:    grunt_orc_gardens, layout_diamond_mine, grunt_orc_garden,
          grunt_orc_garden, grunt_orc_garden, grunt_orc_garden,
          portal_ice_cave_entry_pillars_2, serial_shops, shop,
          nicolae_shop_statue_plus, shop,
          nicolae_shop_competitors_out_of_business,
          nicolae_shop_advertising_works [nicolae_subvault_shop_adworks]

Notes
Turn   | Place    | Note
-------+----------+-------------------------------------------
     0 | D:1      | kae the Demonspawn Transmuter began the quest for the Orb.
     0 | D:1      | Reached XP level 1. HP: 15/15 MP: 3/3
     0 | D:1      | magus.rc [v1.11.3]
    66 | D:1      | Reached skill level 2 in Transmutations
   160 | D:1      | You feel monstrous as your demonic heritage exerts itself.
   160 | D:1      | Discovered your monstrous ancestry.
   160 | D:1      | Lost mutation: You have a pair of horns on your head.
                  | [demonic ancestry]
   160 | D:1      | Lost mutation: You have a pair of small horns on your head.
                  | [demonic ancestry]
   160 | D:1      | Gained mutation: You have a pair of small antennae on your
                  | head. [demonic ancestry]
   160 | D:1      | Reached XP level 2. HP: 18/21 MP: 3/5
   245 | D:1      | HP: 3/21 [gnoll/+0 club (7)]
   247 | D:1      | Reached skill level 3 in Unarmed Combat
   362 | D:1      | Learned a level 2 spell: Wereblood
   524 | D:1      | Gained mutation: You may rarely emit foul miasma when
                  | damaged in melee. [demonic ancestry]
   524 | D:1      | Reached XP level 3. HP: 21/26 MP: 3/6
   528 | D:1      | Learned a level 3 spell: Spider Form
   584 | D:1      | You pick up a book of Conjurations and begin reading...
   584 | D:1      | You add the spells Magic Dart, Searing Ray and Fulminant
                  | Prism to your library.
   662 | D:1      | You pick up a book of the Earth and begin reading...
   662 | D:1      | You add the spells Leda's Liquefaction, Lee's Rapid
                  | Deconstruction and Statue Form to your library.
   842 | D:2      | You pick up a book of Changes and begin reading...
   858 | D:2      | Identified the ring "Zujil Zino" {*Slow rN+ rCorr AC+4
                  | Int+4}
   952 | D:2      | Found Syps's Antique Weapon Boutique.
  1307 | D:3      | Reached skill level 3 in Transmutations
  1343 | D:3      | You pick up a book of Changes and begin reading...
  1409 | D:3      | You pick up a book of Debilitation and begin reading...
  1409 | D:3      | You add the spells Slow, Vampiric Draining and Confusing
                  | Touch to your library.
  1431 | D:3      | Gained mutation: You have sharp fingernails. [demonic
                  | ancestry]
  1431 | D:3      | Reached XP level 4. HP: 32/32 MP: 5/7
  1539 | D:3      | You pick up a book of Changes and begin reading...
  1904 | D:3      | Found a broken altar of Ashenzari.
  2243 | D:4      | Noticed an ogre
  2254 | D:4      | HP: 7/32 [ogre/+0 giant spiked club (25)]
  2259 | D:4      | Killed an ogre
  2260 | D:4      | Reached skill level 3 in Spellcasting
  2260 | D:4      | Gained mutation: You have very sharp fingernails. [demonic
                  | ancestry]
  2260 | D:4      | Reached XP level 5. HP: 37/37 MP: 9/9
  2289 | D:4      | Reached skill level 4 in Transmutations
  2289 | D:4      | Found a staircase to the Ecumenical Temple.
  2301 | Temple   | Entered the Ecumenical Temple
  2471 | D:4      | Reached XP level 6. HP: 31/43 MP: 11/11
  2521 | D:4      | Learned a level 4 spell: Ice Form
  2562 | D:4      | You pick up a book of Fire and begin reading...
  2562 | D:4      | You add the spells Foxfire, Fireball and Starburst to your
                  | library.
  2841 | D:4      | Reached skill level 1 in Ice Magic
  3308 | D:4      | Reached skill level 4 in Unarmed Combat
  3408 | D:5      | Entered Level 5 of the Dungeon
  3522 | D:5      | Reached XP level 7. HP: 27/48 MP: 12/12
  3647 | D:5      | Reached skill level 2 in Ice Magic
  3652 | D:5      | Reached skill level 5 in Transmutations
  3944 | D:5      | You pick up a book of Scorching and begin reading...
  3944 | D:5      | You add the spells Scorch, Flame Wave and Summon Cactus
                  | Giant to your library.
  3990 | D:5      | Reached skill level 4 in Spellcasting
  3990 | D:5      | Reached skill level 3 in Ice Magic
  4268 | D:5      | You pick up a book of Frost and begin reading...
  4268 | D:5      | You add the spells Freeze, Frozen Ramparts and Hailstorm to
                  | your library.
  4735 | D:6      | Gained mutation: You have a small tail. [demonic ancestry]
  4735 | D:6      | Reached XP level 8. HP: 54/54 MP: 13/14
  4893 | D:6      | Reached skill level 6 in Transmutations
  4893 | D:6      | Reached skill level 4 in Ice Magic
  4937 | D:6      | Noticed Duvessa
  4937 | D:6      | Noticed Dowan
  4993 | D:6      | Found Suope's General Store.
  5023 | D:6      | You pick up a book of Vapours and begin reading...
  5023 | D:6      | You add the spells Poisonous Vapours, Cigotuvi's Dreadful
                  | Rot and Mephitic Cloud to your library.
  5372 | D:6      | Noticed Grinder
  5391 | D:6      | Killed Grinder
  5392 | D:6      | Reached skill level 5 in Unarmed Combat
  5433 | D:6      | Killed Duvessa
  5463 | D:6      | Killed Dowan
  5534 | D:6      | Found a runed translucent door.
  5535 | D:6      | Noticed Crazy Yiuf
  5542 | D:6      | Killed Crazy Yiuf
  5603 | D:7      | Reached skill level 5 in Ice Magic
  5652 | D:7      | Found a hide-covered altar of Uskayaw.
  5656 | D:7      | Found an opulent altar of Gozag.
  5657 | D:7      | Found a sacrificial altar of Ru.
  5693 | D:7      | Reached skill level 5 in Spellcasting
  5693 | D:7      | Gained mutation: You have a tail ending in a sharp stinger.
                  | [demonic ancestry]
  5693 | D:7      | Reached XP level 9. HP: 59/59 MP: 16/16
  5718 | D:7      | Became a worshipper of Ru the Awakened
  5729 | D:7      | Learned a level 6 spell: Statue Form
  5806 | D:7      | Reached skill level 7 in Transmutations
  5818 | D:7      | Reached skill level 1 in Earth Magic
  5921 | D:7      | Found an iron altar of Okawaru.
  5933 | D:7      | Reached skill level 2 in Earth Magic
  6284 | D:7      | Found a runed translucent gate.
  6285 | D:7      | Found a runed translucent gate.
  6286 | D:7      | Found a runed translucent gate.
  6293 | D:7      | Noticed ma3's ghost (novice KoEn)
  6362 | D:7      | Noticed Pikel
  6370 | D:7      | Killed Pikel
  6371 | D:7      | Reached skill level 6 in Ice Magic
  6371 | D:7      | Reached skill level 3 in Earth Magic
  6812 | D:8      | Reached skill level 6 in Unarmed Combat
  6817 | D:8      | Reached skill level 4 in Earth Magic
  6850 | D:8      | Reached skill level 8 in Transmutations
  6850 | D:8      | Reached XP level 10. HP: 40/65 MP: 18/18
  7074 | D:8      | Noticed Maggie
  7086 | D:8      | Killed Maggie
  7414 | D:9      | Found Valad's Gadget Gallery.
  7517 | D:9      | Reached skill level 6 in Spellcasting
  7621 | D:9      | Reached skill level 5 in Earth Magic
  7885 | D:9      | Identified the amulet "Sintaej" {Spirit rF++ rN+ Will++}
  7896 | D:9      | Found a flagged portal.
  7912 | Bailey   | Entered a bailey
  8206 | Bailey   | Found an iron altar of Okawaru.
  8827 | D:10     | Entered Level 10 of the Dungeon
  8984 | D:10     | Found a staircase to the Orcish Mines.
  9001 | D:10     | Gained mutation: You are clumsy. (Dex -2) [mutagenic glow]
  9009 | D:10     | Reached skill level 9 in Transmutations
  9034 | D:10     | Gained mutation: You are weak. (Str -2) [mutagenic glow]
  9249 | D:10     | You pick up a book of Flames and begin reading...
  9249 | D:10     | You add the spells Inner Flame and Sticky Flame to your
                  | library.
  9326 | D:10     | Reached skill level 6 in Earth Magic
  9492 | D:10     | Found a sparkling altar of Nemelex Xobeh.
  9499 | D:10     | Killed an angel
  9691 | D:10     | HP: 8/73 [wight/+3 morningstar (11)]
  9955 | D:10     | Identified a potion of experience
 10037 | D:10     | Reached skill level 10 in Earth Magic
 10037 | D:10     | Gained mutation: You sometimes emit foul miasma when
                  | damaged in melee. [demonic ancestry]
 10037 | D:10     | Reached XP level 11. HP: 65/65 MP: 20/20
 10041 | D:10     | Found a shimmering altar of Xom.
 10089 | D:10     | Gained mutation: You cannot train Armour skill. [Ru
                  | sacrifice]
 10089 | D:10     | Reached * piety under Ru
 10283 | D:10     | Reached skill level 7 in Unarmed Combat
 10600 | D:11     | Gained mutation: You are partially covered in sharp spines.
                  | [demonic ancestry]
 10600 | D:11     | Reached XP level 12. HP: 76/76 MP: 22/22
 10666 | D:11     | HP: 19/98 [gargoyle/+1 mace of draining (8)]
 10690 | D:11     | Noticed an ogre mage
 10856 | D:11     | Killed an ogre mage
 10907 | D:11     | Noticed a seven-headed hydra
 10917 | D:11     | Reached skill level 7 in Spellcasting
 11007 | D:11     | Reached skill level 10 in Transmutations
 11007 | D:11     | Identified the +0 leather armour "Kiaheac" {Str+6}
 11135 | D:11     | Killed a seven-headed hydra
 11141 | D:11     | Noticed a boulder beetle
 11150 | D:11     | Killed a boulder beetle
 11152 | D:11     | Reached skill level 11 in Earth Magic
 11168 | D:11     | Noticed a boulder beetle
 11215 | D:11     | Noticed a centaur warrior
 11226 | D:11     | Killed a centaur warrior
 11234 | D:11     | Noticed a boulder beetle
 11359 | D:11     | Killed a boulder beetle
 11379 | D:11     | Noticed a two-headed ogre
 11384 | D:11     | Killed a two-headed ogre
 11492 | D:11     | Found a staircase to the Lair.
 11531 | D:11     | Killed a boulder beetle
 11550 | D:11     | Reached skill level 8 in Unarmed Combat
 11723 | D:11     | Noticed a two-headed ogre
 11733 | D:11     | Killed a two-headed ogre
 11744 | D:11     | Found The Oracle's Delphic Readings.
 11748 | D:11     | Bought a scroll of identify for 28 gold pieces
 12005 | D:12     | Reached skill level 11 in Transmutations
 12039 | D:12     | Noticed a two-headed ogre
 12045 | D:12     | Killed a two-headed ogre
 12100 | D:12     | Gained mutation: You have claws for hands. [demonic
                  | ancestry]
 12100 | D:12     | Reached XP level 13. HP: 81/81 MP: 24/24
 12305 | D:12     | Found a sacrificial altar of Ru.
 12680 | D:12     | Reached skill level 8 in Spellcasting
 12861 | Lair:1   | Entered Level 1 of the Lair of Beasts
 12887 | Lair:1   | Found a hide-covered altar of Uskayaw.
 12928 | Lair:1   | Gained mutation: You cannot be stealthy. [Ru sacrifice]
 12928 | Lair:1   | Reached ** piety under Ru
 12961 | Lair:1   | You pick up a book of Lightning and begin reading...
 12961 | Lair:1   | You add the spells Static Discharge, Vhi's Electric Charge,
                  | Lightning Bolt and Arcjolt to your library.
 13031 | Lair:1   | Reached skill level 2 in Dodging
 13031 | Lair:1   | Reached skill level 12 in Earth Magic
 13807 | Lair:2   | Reached skill level 2 in Fighting
 14089 | Lair:2   | Found a staircase to the Snake Pit.
 14094 | Lair:2   | Reached skill level 9 in Unarmed Combat
 14321 | Lair:2   | Found a runed translucent door.
 14324 | Lair:2   | Noticed Rupert
 14326 | Lair:2   | Found the +5 Lochaber axe {reach-cleave, Poleaxe Drain}
 14352 | Lair:2   | Killed Rupert
 14353 | Lair:2   | Reached skill level 3 in Dodging
 14707 | Lair:3   | Found a staircase to the Shoals.
 14781 | Lair:3   | Reached skill level 3 in Fighting
 14827 | Lair:3   | Reached skill level 12 in Transmutations
 14934 | Lair:3   | You are sucked into a shaft and drop 2 floors!
 14934 | Lair:5   | Entered Level 5 of the Lair of Beasts
 14934 | Lair:5   | Found a viscous altar of Jiyva.
 14934 | Lair:5   | Found a staircase to the Slime Pits.
 14996 | Lair:5   | You pick up a book of Conjurations and begin reading...
 15118 | Lair:5   | HP: 28/113 [eight-headed hydra (10)]
 15123 | Lair:5   | Gained mutation: You frequently emit foul miasma when
                  | damaged in melee. [demonic ancestry]
 15123 | Lair:5   | Reached XP level 14. HP: 37/93 MP: 1/26
 15123 | Lair:5   | HP: 28/120 [cane toad (10)]
 15126 | Lair:5   | HP: 9/120 [cane toad (6)]
 15142 | Lair:5   | HP: 23/122 [hell rat (9)]
 15512 | Lair:5   | Reached skill level 4 in Dodging
 15641 | Lair:5   | Reached skill level 4 in Fighting
 15743 | Lair:5   | Reached skill level 13 in Earth Magic
 15854 | Lair:5   | Reached skill level 10 in Unarmed Combat
 15892 | Lair:5   | Identified the +0 helmet "Yturatet" {rF+ Will+ MP-9 Str+8}
 15896 | Lair:5   | You pick up a book of Scorching and begin reading...
 16461 | Lair:4   | You pick up a book of Necromancy and begin reading...
 16461 | Lair:4   | You add the spells Necrotise and Agony to your library.
 17210 | Lair:4   | Gained mutation: You are hated by all. [Ru sacrifice]
 17210 | Lair:4   | Reached *** piety under Ru
 18060 | D:13     | Noticed Urug
 18067 | D:13     | Killed Urug
 18087 | D:13     | a +4 double sword {rare}; a +0 chain mail; the orc corpse
                  | of Urug
 18311 | D:13     | Reached skill level 5 in Fighting
 18351 | D:13     | Reached skill level 5 in Dodging
 18351 | D:13     | Reached skill level 13 in Transmutations
 18553 | D:13     | Noticed Azrael
 18568 | D:13     | Killed Azrael
 18640 | D:13     | Found a gate to the Vaults.
 18661 | D:13     | Reached skill level 11 in Unarmed Combat
 19125 | D:14     | Found a large runed translucent door.
 19125 | D:14     | Found a large runed translucent door.
 19264 | D:14     | Reached skill level 6 in Fighting
 19400 | D:14     | Reached skill level 6 in Dodging
 19406 | D:14     | Gained mutation: You have a pair of antennae on your head.
                  | [demonic ancestry]
 19406 | D:14     | Reached XP level 15. HP: 105/105 MP: 22/27
 20328 | D:15     | Entered Level 15 of the Dungeon
 20369 | D:15     | HP: 5/107 [ettin/+0 dire flail (22)]
 20512 | D:15     | Reached skill level 12 in Unarmed Combat
 20542 | D:15     | Found a staircase to the Depths.
 20549 | D:15     | You pick up a book of Weapons and begin reading...
 20549 | D:15     | You add the spells Portal Projectile and Blade Hands to
                  | your library.
 20602 | D:15     | Reached skill level 7 in Fighting
 20858 | D:15     | Gained mutation: You occasionally lose the ability to drink
                  | potions when taking damage. [Ru sacrifice]
 20858 | D:15     | Gained mutation: You sometimes lose the ability to drink
                  | potions when taking damage. [Ru sacrifice]
 20858 | D:15     | Reached **** piety under Ru
 20858 | D:15     | Reached ***** piety under Ru
 21083 | D:15     | Noticed Josephine
 21093 | D:15     | Killed Josephine
 21110 | D:15     | Reached skill level 7 in Dodging
 21148 | D:15     | You pick up a book of Rime and begin reading...
 21349 | D:15     | Found a portal to a secret trove of treasure.
 21353 | D:15     | This trove needs a +6 demon trident to function. Give it
                  | the item?
 21631 | Orc:1    | Entered Level 1 of the Orcish Mines
 21644 | Orc:1    | Noticed Snorg
 21650 | Orc:1    | Killed Snorg
 21756 | Orc:2    | Entered Level 2 of the Orcish Mines
 21759 | Orc:2    | Found a frozen archway.
 21786 | Orc:2    | Found Cyzxec's Book Shoppe.
 21790 | IceCv    | Entered an ice cave
 21991 | IceCv    | Reached skill level 13 in Unarmed Combat
 22389 | IceCv    | Reached skill level 8 in Fighting
 22513 | IceCv    | Identified a +0 crystal plate armour of cold resistance
 22866 | Orc:2    | Found Kocu's Weapon Boutique.
 22936 | Orc:2    | Found Estrum's Weapon Shoppe.
 23009 | Orc:2    | Found Lankun's General Store.
 23041 | Orc:2    | HP: 34/145 [sun demon[an orc high priest] (4)]
 23046 | Orc:1    | HP: 5/145 [orc warlord/+1 battleaxe of electrocution (14)]
 23053 | Orc:1    | HP: 25/137 [troll (4)]
 23056 | Orc:1    | Reached skill level 8 in Dodging
 23206 | Orc:1    | Found Saezeg's Antique Armour Shoppe.
 23743 | Orc:2    | Found Huqedeh's Antique Armour Shop.
 23743 | Orc:2    | Found Nihoun's Magic Scroll Boutique.
 23747 | Orc:2    | Identified a +1 robe of the Archmagi
 23857 | Orc:2    | HP: 36/145 [orc warrior/bolt (4)]
 23858 | Orc:2    | Gained mutation: You have a sharp stinger which inflicts
                  | weakening toxins. [demonic ancestry]
 23858 | Orc:2    | Reached XP level 16. HP: 40/118 MP: 5/28
 23970 | Orc:2    | Found Uvequerph's Antique Weapon Shoppe.
 23992 | Orc:2    | Reached skill level 14 in Unarmed Combat
 24103 | Orc:2    | Bought a scroll of acquirement for 520 gold pieces
 24105 | Orc:2    | Found a staircase to the Elven Halls.
 24109 | Orc:2    | Bought a scroll of blinking for 75 gold pieces
 24202 | Orc:2    | Reached skill level 9 in Fighting
 24293 | Orc:2    | Found Huclem's Armour Shoppe.
 24411 | Orc:2    | Found Kiaxtec's Book Emporium.
 24419 | Orc:2    | Bought a manual of Unarmed Combat for 1200 gold pieces
 24419 | Orc:2    | Bought a book of Transfigurations for 600 gold pieces
 24419 | Orc:2    | You pick up a book of Transfigurations and begin reading...
 24419 | Orc:2    | You add the spells Irradiate and Dragon Form to your
                  | library.
 24419 | Orc:2    | Acquired 490 gold pieces
 24693 | D:11     | Learned a level 7 spell: Dragon Form
 24773 | Snake:1  | Entered Level 1 of the Snake Pit
 25041 | Snake:1  | You pick up a book of Conjurations and begin reading...
 25329 | Snake:1  | Found a runed translucent gate.
 25329 | Snake:1  | Found a runed translucent gate.
 25329 | Snake:1  | Found a runed translucent gate.
 25334 | Snake:1  | Identified the +9 tower shield of Xiom Yxze {+Blink SInv}
 25334 | Snake:1  | Noticed Louise
 25371 | Snake:1  | Killed Louise
 25406 | Snake:1  | Noticed Kicir's ghost (adept GnFi)
 26012 | Snake:1  | Killed Kicir's ghost
 26147 | Snake:2  | Found Kehoux's Weapon Boutique.
 26290 | Snake:2  | Found Veace's Book Shop.
 26307 | Snake:2  | Reached skill level 15 in Unarmed Combat
 26449 | Snake:2  | Reached skill level 9 in Dodging
 26907 | Snake:2  | Acquired 843 gold pieces
 26982 | Snake:2  | Reached skill level 10 in Fighting
 26982 | Snake:2  | Reached skill level 16 in Unarmed Combat
 27029 | Snake:2  | Found Koun Lig's Antique Weapon Shoppe.
 27480 | Snake:3  | Reached XP level 17. HP: 120/124 MP: 19/29
 27710 | Snake:3  | Reached skill level 17 in Unarmed Combat
 28065 | Snake:4  | Entered Level 4 of the Snake Pit
 28170 | Snake:4  | Reached skill level 10 in Dodging
 28179 | Snake:4  | HP: 34/167 [nagaraja/+0 flail (12)]
 28185 | Snake:4  | HP: 37/162 [nagaraja/+0 flail (3)]
 28428 | Snake:4  | Reached skill level 14 in Transmutations
 28449 | Snake:4  | HP: 40/169 [naga sharpshooter/arrow (12)]
 28450 | Snake:4  | HP: 6/169 [nagaraja/+0 halberd (24)]
 28450 | Snake:4  | Shot with an arrow by a naga sharpshooter

Vanquished Creatures
  Rupert (Lair:2)
  2 nagarajas
  The ghost of Kicir the Blocker, an adept GnFi of Okawaru (Snake:1)
  Louise (Snake:1)
  An orc warlord (Orc:1)
  Azrael (D:13)
  Snorg (Orc:1)
  Josephine (D:15)
  An ettin (D:15)
  A vault guard (D:15)
  An ogre mage (D:11)
  2 ironbound frosthearts (IceCv)
  A salamander tyrant (Snake:4)
  A catoblepas (Lair:3)
  4 hydras
  5 boulder beetles
  4 centaur warriors
  12 anacondas
  8 naga warriors
  4 tengu warriors
  6 death yaks (IceCv)
  7 two-headed ogres
  6 orc high priests
  4 shock serpents
  Urug (D:13)
  A hell knight (D:15)
  7 salamander mystics
  16 naga sharpshooters
  9 skeletal warriors
  A sea snake (Snake:2)
  3 naga ritualists
  2 wizards
  An obsidian statue (D:12)
  2 wolf spider zombies (D:14)
  Pikel (D:7)
  5 orc knights
  3 deep elf pyromancers
  5 mana vipers
  17 ugly things
  17 salamanders
  5 orc sorcerers
  7 cyclopes
  An ice statue (IceCv)
  3 manticores
  A spectral shock serpent (Snake:1)
  5 centaur zombies (D:14)
  An elephant (Lair:5)
  14 naga magi
  35 black mambas
  6 guardian serpents
  15 cane toads
  5 gargoyles
  Maggie (D:8)
  A rime drake (shapeshifter) (D:15)
  2 kobold demonologists
  An efreet (D:15)
  A torpor snail (Lair:1)
  A rime drake (Lair:3)
  A yaktaur (D:15)
  A freezing wraith (D:15)
  5 komodo dragons
  2 spectral nagas (Snake:1)
  An unseen horror (D:10)
  An anaconda simulacrum (Snake:1)
  3 tengu conjurers
  7 trolls
  4 tyrant leeches (Lair:5)
  A wolf spider simulacrum (D:15)
  12 polar bears (IceCv)
  A hornet (D:7)
  Grinder (D:6)
  A spectral guardian serpent (Snake:1)
  21 blink frogs
  5 slime creatures
  An air elemental (D:14)
  4 shadows
  3 spectral black mambas (Snake:1)
  A water elemental (D:14)
  3 wyverns
  8 wraiths
  45 yaks
  3 vampires
  3 humans
  A human (shapeshifter) (D:15)
  3 fire elementals
  9 basilisks
  28 nagas
  12 vampire mosquitoes
  9 wargs
  4 hell hounds (D:13)
  11 water moccasins
  Duvessa (D:6)
  28 orc warriors
  5 black bears
  A hornet zombie (D:14)
  A black mamba simulacrum (Snake:1)
  10 ogres
  16 centaurs
  31 wolves
  4 phantoms
  4 lemures (D:7)
  4 kobold brigands (Bailey)
  16 bullfrogs
  7 scorpions
  2 gnoll sergeants
  An earth elemental (D:14)
  4 wights (D:10)
  Dowan (D:6)
  21 killer bees
  2 naga simulacra (Snake:1)
  An electric eel (Lair:5)
  6 howler monkeys
  2 hounds (D:6)
  Crazy Yiuf (D:6)
  8 orc priests
  A gnoll bouda (D:7)
  2 jellies
  2 boggart zombies (D:14)
  An iguana (D:4)
  21 orc wizards
  9 hell rats
  8 ogre zombies (D:10)
  15 gnolls
  9 adders
  9 river rats (Lair:4)
  3 worms
  6 dart slugs
  67 orcs
  7 bats (D:5)
  4 endoplasms
  5 giant cockroaches
  10 goblins
  12 hobgoblins
  4 quokkas
  5 ball pythons
  5 frilled lizards
  A goblin skeleton (D:10)
  3 goblin zombies (D:10)
  A hobgoblin skeleton (D:10)
  2 hobgoblin zombies (D:10)
  16 kobolds
  4 orc skeletons (D:10)
  14 orc zombies (D:10)
  5 rats
915 creatures vanquished.

Vanquished Creatures (others)
  An angel (D:10)
  A cyclops (D:11)
  A cane toad (Lair:3)
  A blink frog (Lair:2)
  A wraith (D:15)
  A naga (Snake:2)
  A centaur (D:13)
  2 orcs
  A goblin (Orc:1)
  40 fungi
  74 plants
  5 toadstools (D:7)
  6 withered plants (D:14)
135 creatures vanquished.

Grand Total: 1050 creatures vanquished

Table legend:
 A = Non-vault XP
 B = Vault XP
 C = Vault XP percentage of total XP
 D = Non-vault monster count
 E = Vault monster count
 F = Vault count percentage of total count
                 A         B        C        D         E       F
            +---------+---------+-------+---------+---------+-------
      Total |  132313 |  103393 |  43.9 |     564 |     355 |  38.6
            +---------+---------+-------+---------+---------+-------
        D:1 |      43 |       0 |   0.0 |      18 |       0 |   0.0
        D:2 |      33 |       0 |   0.0 |      14 |       0 |   0.0
        D:3 |      47 |      17 |  26.6 |      12 |       9 |  42.9
        D:4 |     422 |       0 |   0.0 |      21 |       0 |   0.0
        D:5 |     592 |     220 |  27.1 |      19 |      12 |  38.7
        D:6 |     674 |     514 |  43.3 |      17 |       4 |  19.0
        D:7 |    1453 |    1023 |  41.3 |      22 |       3 |  12.0
        D:8 |    1126 |     424 |  27.4 |      20 |       1 |   4.8
        D:9 |    1276 |      78 |   5.8 |      24 |      12 |  33.3
       D:10 |    1850 |     662 |  26.4 |      32 |      36 |  52.9
       D:11 |    3554 |   11043 |  75.7 |      11 |      25 |  69.4
       D:12 |    4186 |     647 |  13.4 |      11 |       1 |   8.3
       D:13 |    8833 |    5032 |  36.3 |      23 |      11 |  32.4
       D:14 |    5947 |    9265 |  60.9 |      11 |      25 |  69.4
       D:15 |   11209 |    7033 |  38.6 |      30 |      13 |  30.2
     Lair:1 |    4883 |       0 |   0.0 |      21 |       0 |   0.0
     Lair:2 |    5648 |    3489 |  38.2 |      28 |       6 |  17.6
     Lair:3 |    6121 |     431 |   6.6 |      19 |       2 |   9.5
     Lair:4 |    1679 |     185 |   9.9 |       8 |      11 |  57.9
     Lair:5 |    4126 |   10132 |  71.1 |      24 |      39 |  61.9
    Snake:1 |    6997 |    5628 |  44.6 |      16 |      15 |  48.4
    Snake:2 |   22972 |    6667 |  22.5 |      48 |      10 |  17.2
    Snake:3 |   24501 |       0 |   0.0 |      46 |       0 |   0.0
    Snake:4 |    6523 |   11991 |  64.8 |      12 |      18 |  60.0
      Orc:1 |    4799 |    3786 |  44.1 |      29 |      14 |  32.6
      Orc:2 |    2819 |    9089 |  76.3 |      28 |      23 |  45.1
     Bailey |       0 |     796 | 100.0 |       0 |      14 | 100.0
      IceCv |       0 |   15241 | 100.0 |       0 |      51 | 100.0
            +---------+---------+-------+---------+---------+-------

Illustrated notes

Table legend:
 A = Kills in this place as a percentage of kills in entire the game.
 B = Kills by you in this place as a percentage of kills by you in the entire game.
 C = Kills by friends in this place as a percentage of kills by friends in the entire game.
 D = Other kills in this place as a percentage of other kills in the entire game.
 E = Experience gained in this place as a percentage of experience gained in the entire game.
 F = Experience gained in this place divided by the number of levels of this place that you have seen.
                   A       B       C       D       E      F
               +-------+-------+-------+-------+-------+----------------------
         Total | 100.0 | 100.0 |   N/A | 100.0 | 100.0 | 8127.8
       Dungeon |  47.6 |  47.5 |   N/A |  50.0 |  32.8 | 5146.9
          Lair |  17.2 |  17.1 |   N/A |  25.0 |  15.6 | 7338.8
     Snake Pit |  18.0 |  18.0 |   N/A |  12.5 |  36.2 | 21319.8
  Orcish Mines |  10.2 |  10.2 |   N/A |  12.5 |   8.7 | 10246.5
        Bailey |   1.5 |   1.5 |   N/A |   0.0 |   0.3 | 796.0
      Ice Cave |   5.5 |   5.6 |   N/A |   0.0 |   6.5 | 15241.0
               +-------+-------+-------+-------+-------+----------------------

Table legend: (Time is in decaauts)
 A = Elapsed time spent in this place.
 B = Non-inter-level travel time spent in this place.
 C = Inter-level travel time spent in this place.
 D = Time resting spent in this place.
 E = Time spent auto-exploring this place.
 F = Levels seen in this place.
 G = Mean time per level.
                   A        B        C        D        E       F      G
               +--------+--------+--------+--------+--------+-----+--------+
         Total |  31836 |  30772 |   1064 |   1207 |  23173 |  29 | 1097.8 |
       Dungeon |  17195 |  16562 |    633 |    729 |  12232 |  15 | 1146.3 |
        Temple |     67 |     46 |     21 |      0 |     26 |   1 |   67.0 |
          Lair |   6096 |   5891 |    205 |    118 |   4877 |   5 | 1219.2 |
     Snake Pit |   4457 |   4400 |     57 |     85 |   3345 |   4 | 1114.2 |
  Orcish Mines |   2467 |   2320 |    147 |    113 |   1749 |   2 | 1233.5 |
        Bailey |    332 |    332 |      0 |      5 |    159 |   1 |  332.0 |
      Ice Cave |   1219 |   1219 |      0 |    155 |    784 |   1 | 1219.0 |
               +--------+--------+--------+--------+--------+-----+--------+

Top non-repeatable levels by time:
    D:14: 1893 daAuts
    D:11: 1819 daAuts
    D:10: 1792 daAuts
 Snake:1: 1597 daAuts
  Lair:5: 1586 daAuts
 Snake:2: 1518 daAuts
    D:15: 1357 daAuts
   Orc:1: 1347 daAuts
   IceCv: 1219 daAuts
     D:4: 1211 daAuts
     D:7: 1199 daAuts
  Lair:3: 1184 daAuts
     D:5: 1158 daAuts
  Lair:2: 1156 daAuts
  Lair:4: 1154 daAuts
